 Dungeon Crawl Stone Soup version 0.31-a0-889-g1a8549509d (webtiles) character file.

Game seed: 12495820564862590474

20371 p00ps00p the Cleaver (level 12, -4/115 HPs)
             Began as a Hill Orc Fighter on Oct 16, 2023.
             Was an Initiate of Gozag.
             Killed from afar by Fannar (27 damage)
             ... with a bolt of cold
             ... on level 2 of the Lair of Beasts.
             The game lasted 00:23:43 (11330 turns).

p00ps00p the Cleaver (Hill Orc Fighter)            Turns: 11330, Time: 00:23:46

Health: -4/115     AC: 25    Str: 24    XL:     12   Next: 78%
Magic:  12/12      EV:  7    Int:  8    God:    Gozag
Gold:   1643       SH:  0    Dex: 10    Spells: 11/11 levels left

rFire   + . .        m - +5 battleaxe "Xipp" {flame, rPois}
rCold   . . .        (shield currently unavailable)
rNeg    . . .        M - +3 plate armour {rF+}
rPois   +            h - +0 helmet
rElec   .            v - +1 cloak
rCorr   .            u - +0 pair of gloves
SInv    +            F - +0 pair of boots
Will    .....        l - amulet of magic regeneration Stlth
                     G - ring of see invisible
HPRegen 0.39/turn    (no ring)
MPRegen 0.53/turn

%: no passive effects
@: gold aura
A: no striking features
a: Renounce Religion, Potion Petition, Call Merchant, Bribe Branch


You were on level 2 of the Lair of Beasts.
You worshipped Gozag.
Gozag was most pleased with you.
You visited 4 branches of the dungeon, and saw 13 of its levels.
You also visited: Bailey.

You collected 2145 gold pieces.
You spent 342 gold pieces at shops.
You paid 160 gold pieces to Gozag.

Inventory:

Hand Weapons
 a - a +1 heavy war axe
 m - the +5 battleaxe "Xipp" (weapon) {flame, rPois}
   (You took it off a hobgoblin on level 2 of the Dungeon)

   rPois:     It protects you from poison
 R - a +3 war axe
 S - a +3 battleaxe
Missiles
 i - 25 boomerangs
 n - 49 poisoned darts (quivered)
 N - 4 atropa-tipped darts
 O - 9 curare-tipped darts
 P - 4 datura-tipped darts
 Q - 3 throwing nets
Armour
 h - a +0 helmet (worn)
 u - a +0 pair of gloves (worn)
 v - a +1 cloak (worn)
 D - a +0 kite shield
 F - a +0 pair of boots (worn)
 L - a +4 plate armour
 M - a +3 plate armour of fire resistance (worn)
 U - a +2 plate armour of positive energy
Jewellery
 l - an amulet of magic regeneration (around neck)
 y - a ring of protection from fire
 A - a ring of flight
 G - a ring of see invisible (left hand)
Wands
 c - a wand of charming (15)
 w - a wand of flame (40)
 I - a wand of iceblast (6)
Scrolls
 b - 2 scrolls of noise
 e - 2 scrolls of identify
 o - 4 scrolls of fear
 p - a scroll of torment
 q - 3 scrolls of poison
 s - 3 scrolls of immolation
 t - a scroll of blinking
 z - 3 scrolls of enchant weapon
 H - a scroll of vulnerability
 J - 2 scrolls of teleportation
 K - 3 scrolls of butterflies
 T - 2 scrolls of amnesia
Potions
 d - 2 potions of might
 f - a potion of degeneration
 g - a potion of cancellation {unknown}
 j - 2 potions of brilliance
 k - a potion of heal wounds
 r - a potion of lignification {unknown}
 x - 3 potions of enlightenment
 B - 4 potions of mutation
 C - a potion of haste
 E - 3 potions of curing
 V - a potion of magic {unknown}


   Skills:
 + Level 13.0 Fighting
 + Level 13.8 Axes
 + Level 12.0 Armour
 + Level 12.0 Shields


You had 11 spell levels left.
You didn't know any spells.
Your spell library contained the following spells:

 Spells                   Type           Power      Damage    Failure   Level
 Freeze                   Ice            0%         1d3       99%         1
 Magic Dart               Conj           0%         1d3       99%         1
 Call Imp                 Summ           0%         N/A       99%         2
 Frozen Ramparts          Ice            0%         1d1       100%        3
 Hailstorm                Conj/Ice       0%         3d3       100%        3
 Mephitic Cloud           Conj/Pois/Air  0%         N/A       100%        3
 Petrify                  Tmut/Erth      0%         N/A       100%        4
 Metabolic Englaciation   Hex/Ice        0%         N/A       100%        5
 Discord                  Hex            0%         N/A       100%        8
 Simulacrum               Ice/Necr       Unusable   N/A       N/A         6

Dungeon Overview and Level Annotations

Branches:
Dungeon (9/15)             Temple (1/1) D:6            Lair (2/5) D:8
    Orc (1/2) D:9          Bailey (visited)
  Swamp: Lair:2-3    Shoals: Lair:2-3     Snake: Lair:2-3    Spider: Lair:2-3

Altars:
Ashenzari
Cheibriados
Dithmenos
Elyvilon
Fedhas
Gozag
Hepliaklqana
Kikubaaqudgha
Makhleb
Nemelex Xobeh
Okawaru
Qazlal
Sif Muna
Trog
Uskayaw
Vehumet
Wu Jian
Xom
Yredelemnul
Zin
The Shining One
Lugonu

Shops:
Orc:1 *

Annotations:
D:5 2 runed translucent doors, caprisunthief1748's ghost, amateur HOFi
Lair:2 Fannar
Orc:1 Erica


Message History

Fannar is almost dead.
You closely miss the ice beast. You hit the ice beast but do no damage.
You slice the black mamba!! You burn the black mamba.
You kill the black mamba!
Fannar hits you with a staff of cold. Fannar freezes you.
The ice beast closely misses you.
The ice beast hits you but does no damage.
Your Fighting skill increases to level 13!
Your Armour skill increases to level 12!
Your Shields skill increases to level 12!
You barely miss Fannar.
Fannar is almost dead.
You barely miss the ice beast. You hit the ice beast.
You melt the ice beast.
Fannar hits you but does no damage. Fannar freezes you.
* * * LOW HITPOINT WARNING * * *
The ice beast hits you but does no damage.
The ice beast completely misses you.
You hit Fannar. You burn Fannar.
Fannar is almost dead.
You slash the ice beast!
You melt the ice beast.
You barely miss the ice beast. Fannar hits you with a staff of cold.
* * * LOW HITPOINT WARNING * * *
Fannar freezes you.
* * * LOW HITPOINT WARNING * * *
The ice beast hits you.
* * * LOW HITPOINT WARNING * * *
The ice beast freezes you!
* * * LOW HITPOINT WARNING * * *
The ice beast completely misses you.
You feel much better. Fannar hits you but does no damage. Fannar freezes you!
* * * LOW HITPOINT WARNING * * *
The ice beast closely misses you.
The ice beast hits you but does no damage.
Blink to where?
Press: ? - help, Q - select action, (/) - cycle Dir - move target
As you read the scroll of blinking, it crumbles to dust.
Fannar gestures at you while chanting. The bolt of cold hits you!!
You die...
Your body crumbles into a pile of gold.

#....#.##
##.....## ##
#......#
###....##
#....P# ##....##
#.P.Ye##
##....######
###.$ยง.##
##.....#...
##Y...###
##.....#..
##.....##
##.......
##.....#
##.....#
##@..### ###..##
#.##...# #..##
## #..######
##...#
##....#.###....#
#P......##....#
###............
##...........
#...........
######.###.#


You could see Fannar and 2 ice beasts.

Vanquished Creatures
  Harold (D:9)
  A two-headed ogre (D:9)
  An oklob plant (Lair:1)
  4 elephants (Lair:2)
  A cyclops (Orc:1)
  A black mamba (Lair:2)
  A cane toad (Lair:2)
  Jeremiah (D:7)
  4 komodo dragons
  A troll (D:9)
  2 polar bears
  A hornet (D:9)
  11 blink frogs
  A wyvern (Lair:2)
  2 basilisks (Lair:1)
  A vampire (D:9)
  23 yaks
  2 steam dragons
  A warg (D:9)
  An acid dragon (D:9)
  4 water moccasins
  6 sky beasts
  2 ice beasts
  2 black bears
  8 orc warriors
  An ogre (D:5)
  18 wolves
  3 centaurs
  A phantom (D:4)
  13 kobold brigands
  10 bullfrogs
  2 gnoll sergeants
  6 scorpions
  6 wights (D:9)
  8 killer bees
  An electric eel (Lair:2)
  3 howler monkeys (D:9)
  5 orc priests
  5 hounds
  3 iguanas
  2 sleepcaps (D:5)
  6 orc wizards
  11 gnolls
  3 adders (D:3)
  A white imp (D:6)
  3 worms
  2 dart slugs
  30 orcs
  8 endoplasms
  A giant cockroach (D:3)
  9 hobgoblins
  6 jackals
  35 kobolds
  6 quokkas
  4 ball pythons
  5 bats
  15 frilled lizards
  6 goblins
  9 rats
330 creatures vanquished.

Vanquished Creatures (others)
  5 dream sheep (D:6)
5 creatures vanquished.

Grand Total: 335 creatures vanquished

Notes
Turn   | Place    | Note
-------+----------+-------------------------------------------
     0 | D:1      | p00ps00p the Hill Orc Fighter began the quest for the Orb.
     0 | D:1      | Reached XP level 1. HP: 19/19 MP: 1/1
   184 | D:1      | Reached XP level 2. HP: 26/27 MP: 2/2
   490 | D:1      | Reached XP level 3. HP: 32/33 MP: 3/3
   864 | D:2      | Identified the +5 battleaxe "Xipp" {flame, rPois}
   932 | D:2      | Found a shimmering altar of Xom.
  1269 | D:3      | Reached XP level 4. HP: 40/40 MP: 4/4
  2109 | D:4      | Reached XP level 5. HP: 47/47 MP: 5/5
  2679 | D:4      | Noticed a phantom
  2680 | D:4      | Noticed a black bear
  2687 | D:4      | Killed a phantom
  2688 | D:4      | Reached skill level 5 in Fighting
  2688 | D:4      | Reached XP level 6. HP: 48/56 MP: 6/6
  2692 | D:4      | Killed a black bear
  2693 | D:4      | Reached skill level 5 in Axes
  2744 | D:4      | Reached skill level 5 in Shields
  2830 | D:4      | Reached skill level 5 in Armour
  2844 | D:4      | Found a basalt altar of Yredelemnul.
  2850 | D:4      | Reached XP level 7. HP: 56/61 MP: 7/7
  2975 | D:5      | Entered Level 5 of the Dungeon
  3286 | D:5      | Found a large runed translucent door.
  3286 | D:5      | Found a large runed translucent door.
  3346 | D:5      | Reached XP level 8. HP: 67/71 MP: 8/8
  3361 | D:5      | Found a hazy altar of Hepliaklqana.
  3849 | D:5      | Found a sparkling altar of Nemelex Xobeh.
  4081 | D:5      | Noticed caprisunthief1748's ghost (amateur HOFi)
  4521 | D:6      | Found a staircase to the Ecumenical Temple.
  4532 | Temple   | Entered the Ecumenical Temple
  4682 | D:6      | Noticed a dream sheep
  4682 | D:6      | Noticed a dream sheep
  4682 | D:6      | Noticed a dream sheep
  4682 | D:6      | Noticed a dream sheep
  4682 | D:6      | Noticed a dream sheep
  4682 | D:6      | Found a shimmering altar of Xom.
  4683 | D:6      | Killed a dream sheep
  4683 | D:6      | Killed a dream sheep
  4683 | D:6      | Killed a dream sheep
  4683 | D:6      | Killed a dream sheep
  4683 | D:6      | Killed a dream sheep
  4684 | D:6      | Reached XP level 9. HP: 81/81 MP: 9/9
  5821 | D:7      | Noticed Jeremiah
  5831 | D:7      | Killed Jeremiah
  5832 | D:7      | Reached XP level 10. HP: 81/91 MP: 10/10
  6118 | D:7      | Found a snail-covered altar of Cheibriados.
  6118 | D:7      | Found a burning altar of Makhleb.
  6485 | D:8      | Found a radiant altar of Vehumet.
  6521 | D:8      | Found an ornate altar of the Wu Jian Council.
  6523 | D:8      | Found an opulent altar of Gozag.
  6524 | D:8      | Found an ancient bone altar of Kikubaaqudgha.
  6524 | D:8      | Found a glowing golden altar of the Shining One.
  6545 | D:8      | Found a stormy altar of Qazlal.
  6553 | D:8      | Became a worshipper of Gozag Ym Sagoz the Greedy
  6646 | D:8      | Reached skill level 10 in Axes
  7042 | D:8      | Found a staircase to the Lair.
  7309 | D:12     | Identified the "Qaumetih"
  7309 | Lair:1   | Identified the "Jusy"
  7309 | Lair:1   | Entered Level 1 of the Lair of Beasts
  7309 | Lair:1   | Noticed an oklob plant
  7309 | Lair:1   | Found a bloodstained altar of Trog.
  7379 | D:9      | Found a flagged portal.
  7391 | D:9      | Reached skill level 10 in Fighting
  7407 | D:9      | Noticed a two-headed ogre
  7419 | D:9      | Killed a two-headed ogre
  7430 | Bailey   | Entered a bailey
  7627 | Bailey   | Reached XP level 11. HP: 64/101 MP: 11/11
  7638 | Bailey   | Found an iron altar of Okawaru.
  7893 | D:9      | Found a staircase to the Orcish Mines.
  8041 | D:9      | Noticed Harold
  8045 | D:9      | Killed Harold
  8046 | D:9      | Reached skill level 10 in Armour
  8046 | D:9      | Reached skill level 10 in Shields
  8084 | D:9      | Found a white marble altar of Elyvilon.
  8973 | D:9      | Found a transporter.
  9067 | IceCv    | Identified the "Jurchu"
  9067 | Orc:1    | Entered Level 1 of the Orcish Mines
  9079 | Orc:1    | Found Goosink's Assorted Antiques.
  9088 | Orc:1    | Noticed a cyclops
  9091 | Orc:1    | Bought a scroll labelled GIKOAJ AQOE for 36 gold pieces
  9091 | Orc:1    | Bought a scroll labelled IDET JITAG for 36 gold pieces
  9091 | Orc:1    | Bought a scroll of enchant weapon for 270 gold pieces
  9094 | Orc:1    | Killed a cyclops
  9094 | Orc:1    | Noticed Erica
  9528 | Lair:1   | Killed an oklob plant
  9803 | Lair:1   | Reached XP level 12. HP: 101/112 MP: 12/12
 10476 | Lair:2   | Noticed a four-headed hydra
 11314 | Lair:2   | Noticed Fannar
 11330 | Lair:2   | Killed from afar by Fannar

Illustrated notes

Levels and vault maps discovered:
D:1:      amcnicky_arrival_feature_with_door, layout_rooms, minmay_domino_2
D:2:      layout_loops_cross, basic_altar, corner_web_ring,
          minmay_misc_feat_room
D:3:      layout_loops_ring, serial_bayou, serial_bayou_crossing,
          serial_bayou_pond_a, serial_bayou_lagoon_b, serial_bayou_shore_a
D:4:      layout_rooms, mainiacjoe_overflow_paths
D:5:      layout_basic, lemuel_doored_altar, mainiacjoe_overflow_tiny_flanked,
          ebering_ghost_disaster_area, minmay_lizard_king
D:6:      layout_loops_ring, kb_xom_exploding_sheep,
          minmay_temple_entry_proselytizer, minmay_tree_intersection
D:7:      layout_loops_cross, gammafunk_temple_overflow_pools,
          minmay_misc_feat_rugged, kennysheep_generic_room_7, uniq_jeremiah
D:8:      layout_gridville, vehumet_altar_wand_db, grunt_temple_overflow_open,
          due_lair_maze_entry_diamond
D:9:      layout_loops_ring, mainiacjoe_overflow_alcove_2, david_orc_2,
          enter_bailey_2, minmay_liquid_box, grunt_ministairs_12, st_stairs_7,
          nicolae_diode_basic, uniq_harold
Temple:   corrupted_temple
Lair:1:   layout_cave_shapes, lemuel_oklob_altar
Lair:2:   layout_concentric_octagons, minmay_shoals_entry_hut,
          chequers_serial_rivers_micro_c, uniq_fannar
Orc:1:    layout_diamond_mine, serial_shops, shop, nicolae_orc_lava_tube,
          nicolae_shop_vocational, uniq_erica, uniq_josephine

Skill      XL: |  1  2  3  4  5  6  7  8  9 10 11 12 |
---------------+-------------------------------------+-----
Axes           | 3 4 5 6 8 9 11 12 13 | 13.8
Fighting       | 4 5 6 8 9 10 11 13 | 13.0
Shields        | 4 5 7 8 9 11 12 | 12.0
Armour         | 4 5 7 8 9 11 12 | 12.0

Action                     |  1- 3 |  4- 6 |  7- 9 | 10-12 || total
---------------------------+-------+-------+-------+-------++-------
  Melee: War axe           |    73 |       |       |       ||    73
         Battleaxe         |    18 |    82 |   140 |   420 ||   660
  Evoke: Wand              |       |       |     2 |     6 ||     8
    Use: Scroll            |     3 |     8 |     4 |     9 ||    24
         Potion            |       |       |     1 |     4 ||     5
   Stab: Distracted        |       |       |       |     5 ||     5
 Armour: Scale mail        |    13 |       |       |       ||    13
         Chain mail        |    64 |   106 |   163 |    19 ||   352
         Plate armour      |       |       |       |   586 ||   586
  Dodge: Dodged            |    41 |    47 |    81 |   196 ||   365
  Block: Buckler           |    24 |       |       |       ||    24

Table legend: (Time is in decaauts)
 A = Elapsed time spent in this place.
 B = Non-inter-level travel time spent in this place.
 C = Inter-level travel time spent in this place.
 D = Time resting spent in this place.
 E = Time spent auto-exploring this place.
 F = Levels seen in this place.
 G = Mean time per level.
                   A        B        C        D        E       F      G
               +--------+--------+--------+--------+--------+-----+--------+
         Total |  11567 |  10801 |    766 |    636 |   7989 |  14 |  826.2 |
       Dungeon |   9338 |   8682 |    656 |    587 |   6506 |   9 | 1037.6 |
        Temple |     40 |      3 |     37 |      0 |      3 |   1 |   40.0 |
          Lair |   1741 |   1674 |     67 |      0 |   1289 |   2 |  870.5 |
  Orcish Mines |     47 |     43 |      4 |      0 |     19 |   1 |   47.0 |
        Bailey |    399 |    399 |      0 |     49 |    171 |   1 |  399.0 |
               +--------+--------+--------+--------+--------+-----+--------+

Top non-repeatable levels by time:
     D:9: 1675 daAuts
     D:5: 1571 daAuts
     D:8: 1231 daAuts
     D:4: 982 daAuts
     D:3: 979 daAuts
     D:7: 965 daAuts
  Lair:1: 949 daAuts
  Lair:2: 792 daAuts
     D:6: 679 daAuts
     D:2: 650 daAuts
     D:1: 602 daAuts
  Bailey: 399 daAuts
   Orc:1: 47 daAuts
  Temple: 40 daAuts
